SAA
ATLANTIC CITY SONICS @ LONG ISLAND SEAWOLVES
07/19/2030
 
TOP OF THE 1ST
Atlantic City Sonics batting - Pitching for Long Island Seawolves : RHP Júlio González
Pitching: RHP Júlio González
Batting: LHB Juan Ledezma 0-0: Ball
1-0: Ball
2-0: Ball
3-0: Base on Balls
Batting: RHB José Rodríguez 0-0: Called Strike
0-1: Ball
Juan Ledezma steals 2nd base
1-1: Foul Ball, location: 2F
1-2: Ball
2-2: Strikes out swinging
Batting: RHB Eddie Sachs 0-0: Ball
1-0: Called Strike
1-1: Swinging Strike
1-2: SINGLE (Flyball, 9S)
Juan Ledezma to third
Runner from 3rd tries for Home, SAFE, no throw
Batting: LHB Kelvin Abbott 0-0: Ball
1-0: Ball
2-0: Called Strike
2-1: SINGLE (Groundball, 34D)
Eddie Sachs to second
Runner from 2nd tries for 3rd, SAFE, no throw
Batting: RHB Alejandro Sánchez 0-0: Called Strike
0-1: Ball
Kelvin Abbott steals 2nd base
1-1: Fly out, F9 (Flyball, 9LM)
Runner from 3rd tags up, SCORES, throw made
Batting: LHB José Pacheco 0-0: Ball
1-0: Ball
2-0: Called Strike
2-1: Fly out, F5 (Popup, 25F)
Top of the 1st over - 2 runs, 2 hits, 0 errors, 1 left on base; Atlantic City 2 - Long Island 0
BOTTOM OF THE 1ST
Long Island Seawolves batting - Pitching for Atlantic City Sonics : RHP Pedro Reynoso
Pitching: RHP Pedro Reynoso
Batting: SHB Josh Sanders 0-0: Ball
1-0: Called Strike
1-1: Ball
2-1: Ball
3-1: Base on Balls
Batting: RHB Abad Lugo 0-0: Ball
1-0: Called Strike
1-1: Foul Ball, location: 2F
1-2: Foul Ball, location: 2F
1-2: Ball
Josh Sanders steals 2nd base
2-2: Strikes out looking
Batting: LHB Jackson Curry 0-0: Ball
1-0: Called Strike
1-1: Ground out 6-3 (Groundball, 6)
Batting: LHB Pedro Colón 0-0: Swinging Strike
0-1: SINGLE (Groundball, 34D)
Josh Sanders to third
Runner from 3rd tries for Home, SAFE, throw made home
Batting: RHB Rob McGinnity 0-0: Called Strike
0-1: Fly out, F7 (Line Drive, 7D)
Bottom of the 1st over - 1 run, 1 hit, 0 errors, 1 left on base; Atlantic City 2 - Long Island 1
TOP OF THE 2ND
Atlantic City Sonics batting - Pitching for Long Island Seawolves : RHP Júlio González
Batting: RHB Jeff Quesenberry 0-0: Swinging Strike
0-1: Ball
1-1: Ball
2-1: Ball
3-1: Foul Ball, location: 2F
3-2: Foul Ball, location: 2F
3-2: Base on Balls
Batting: RHB Dam Son 0-0: Ball
1-0: Called Strike
1-1: Grounds into double play, 6-4-3 (Groundball, 6)
Batting: RHB Malcolm Campbell 0-0: Ball
1-0: Foul Ball, location: 2F
1-1: Fly out, F9 (Flyball, 9)
Top of the 2nd over - 0 runs, 0 hits, 0 errors, 0 left on base; Atlantic City 2 - Long Island 1
BOTTOM OF THE 2ND
Long Island Seawolves batting - Pitching for Atlantic City Sonics : RHP Pedro Reynoso
Batting: LHB Wilson López 0-0: Called Strike
0-1: Foul Ball, location: 2F
0-2: Strikes out swinging
Batting: RHB António Quiñones 0-0: Ball
1-0: Foul Ball, location: 2F
1-1: Swinging Strike
1-2: Ball
2-2: Foul Ball, location: 2F
2-2: Strikes out swinging
Batting: RHB Ricardo Pulido 0-0: Ball
1-0: Foul Ball, location: 2F
1-1: Ball
2-1: Called Strike
2-2: Ground out 5-3 (Groundball, 56)
Bottom of the 2nd over - 0 runs, 0 hits, 0 errors, 0 left on base; Atlantic City 2 - Long Island 1
TOP OF THE 3RD
Atlantic City Sonics batting - Pitching for Long Island Seawolves : RHP Júlio González
Batting: LHB Juan Ledezma 0-0: Ball
1-0: SINGLE (Line Drive, 7LS)
Batting: RHB José Rodríguez 0-0: Grounds into double play, 4-6-3 (Groundball, 4)
Batting: RHB Eddie Sachs 0-0: SINGLE (Line Drive, 5D)
Batting: LHB Kelvin Abbott 0-0: Ball
1-0: Ball
2-0: SINGLE (Line Drive, 34D)
Eddie Sachs to second
Runner from 2nd tries for 3rd, SAFE, no throw
Batting: RHB Alejandro Sánchez 0-0: Fly out, F4 (Line Drive, 4)
Top of the 3rd over - 0 runs, 3 hits, 0 errors, 2 left on base; Atlantic City 2 - Long Island 1
BOTTOM OF THE 3RD
Long Island Seawolves batting - Pitching for Atlantic City Sonics : RHP Pedro Reynoso
Batting: LHB Greg Watkins 0-0: Ball
1-0: DOUBLE (Flyball, 8RD)
Batting: SHB Josh Sanders 0-0: Ball
1-0: Ball
2-0: Called Strike
2-1: Ball
3-1: Base on Balls
Batting: RHB Abad Lugo 0-0: Ball
1-0: DOUBLE (Line Drive, 7LM)
Greg Watkins scores
Josh Sanders to third
Batting: LHB Jackson Curry 0-0: Called Strike
0-1: Foul Ball, location: 2F
0-2: Foul Ball, location: 2F
0-2: Ball
Wild Pitch!
Josh Sanders scores
Abad Lugo to third
1-2: DOUBLE (Popup, 6MD)
Abad Lugo scores
Batting: LHB Pedro Colón 0-0: Ball
1-0: Called Strike
1-1: Ground out U3 (Groundball, 34)
Jackson Curry to third
Batting: RHB Rob McGinnity 0-0: SINGLE (Groundball, 34D)
Jackson Curry scores
Batting: LHB Wilson López 0-0: Called Strike
0-1: Called Strike
0-2: Fielders Choice at 2nd, 4-6 (Groundball, 4)
Batting: RHB António Quiñones 0-0: Ball
1-0: Called Strike
1-1: Ball
2-1: Ball
3-1: Swinging Strike
3-2: Ground out 4-3 (Groundball, 4)
Bottom of the 3rd over - 4 runs, 4 hits, 0 errors, 1 left on base; Atlantic City 2 - Long Island 5
TOP OF THE 4TH
Atlantic City Sonics batting - Pitching for Long Island Seawolves : RHP Júlio González
Batting: LHB José Pacheco 0-0: Ball
1-0: Ball
2-0: Ball
3-0: Base on Balls
Batting: RHB Jeff Quesenberry 0-0: Ball
1-0: Ball
2-0: Foul Ball, location: 2F
2-1: Ball
3-1: Base on Balls
José Pacheco to second
Batting: RHB Dam Son 0-0: Called Strike
0-1: Ball
1-1: Ball
2-1: Called Strike
2-2: Fly out, F8 (Line Drive, 8LD)
Batting: RHB Malcolm Campbell 0-0: Fielders Choice at 2nd, 3-6 (Groundball, 34)
José Pacheco to third
Batting: LHB Juan Ledezma 0-0: Called Strike
0-1: Foul Ball, location: 2F
0-2: Foul Ball, location: 2F
0-2: Foul Ball, location: 2F
0-2: Ball
1-2: Ball
2-2: SINGLE (Line Drive, 7S)
José Pacheco scores
Malcolm Campbell to second
Batting: RHB José Rodríguez 0-0: Ball
1-0: Ball
2-0: Ball
3-0: Base on Balls
Malcolm Campbell to third
Juan Ledezma to second
Batting: RHB Eddie Sachs 0-0: Fly out, F8 (Flyball, 8LM)
Top of the 4th over - 1 run, 1 hit, 0 errors, 3 left on base; Atlantic City 3 - Long Island 5
BOTTOM OF THE 4TH
Long Island Seawolves batting - Pitching for Atlantic City Sonics : RHP Pedro Reynoso
Batting: RHB Ricardo Pulido 0-0: Called Strike
0-1: Ball
1-1: Fly out, F7 (Flyball, 78M)
Batting: LHB Greg Watkins 0-0: Ball
1-0: Ball
2-0: Ball
3-0: Called Strike
3-1: SINGLE (Groundball, 34D)
Batting: SHB Josh Sanders 0-0: Ball
1-0: Called Strike
1-1: Ball
2-1: Grounds into double play, 5-4-3 (Groundball, 56)
Bottom of the 4th over - 0 runs, 1 hit, 0 errors, 0 left on base; Atlantic City 3 - Long Island 5
TOP OF THE 5TH
Atlantic City Sonics batting - Pitching for Long Island Seawolves : RHP Júlio González
Batting: LHB Kelvin Abbott 0-0: Ball
1-0: Ball
2-0: Ball
3-0: Called Strike
3-1: Base on Balls
Batting: RHB Alejandro Sánchez 0-0: Ball
1-0: Called Strike
1-1: Swinging Strike
1-2: Fly out, F6 (Flyball, 6MD)
Batting: LHB José Pacheco 0-0: Foul Ball, location: 2F
0-1: Called Strike
0-2: SINGLE (Line Drive, 6M)
Kelvin Abbott to second
Batting: RHB Jeff Quesenberry 0-0: Ball
1-0: DOUBLE (Flyball, 78D)
Kelvin Abbott scores
José Pacheco to third
Batting: RHB Dam Son 0-0: Called Strike
0-1: SINGLE (Line Drive, 6D)
José Pacheco scores
Jeff Quesenberry to third
Batting: RHB Malcolm Campbell 0-0: Ball
1-0: Ball
2-0: Swinging Strike
2-1: SINGLE (Groundball, 34D) - runner OUT being hit by batted ball.
Batting: LHB Juan Ledezma 0-0: Ball
Wild Pitch!
Jeff Quesenberry scores
Malcolm Campbell to second
1-0: Called Strike
1-1: Ball
2-1: SINGLE (Line Drive, 56D)
Malcolm Campbell to third
Pitching: RHP Miguel Ramírez
Batting: RHB José Rodríguez 0-0: Foul Ball, location: 2F
0-1: Ball
1-1: Ball
2-1: Ball
3-1: Base on Balls
Juan Ledezma to second
Batting: RHB Eddie Sachs 0-0: SINGLE (Flyball, 8LS)
Malcolm Campbell scores
Juan Ledezma to third
José Rodríguez to second
Runner from 3rd tries for Home, SAFE, no throw
Batting: LHB Kelvin Abbott 0-0: Called Strike
0-1: 3-RUN HOME RUN (Flyball, 9LD), Distance : 322 ft
Batting: RHB Alejandro Sánchez 0-0: Ball
1-0: Called Strike
1-1: Ball
2-1: Called Strike
2-2: Fly out, F9 (Flyball, 89M)
Top of the 5th over - 8 runs, 7 hits, 0 errors, 0 left on base; Atlantic City 11 - Long Island 5
BOTTOM OF THE 5TH
Long Island Seawolves batting - Pitching for Atlantic City Sonics : RHP Pedro Reynoso
Batting: RHB Abad Lugo 0-0: Ball
1-0: Called Strike
1-1: Swinging Strike
1-2: Hit by Pitch
Batting: LHB Jackson Curry 0-0: Called Strike
0-1: Ball
1-1: Ball
Wild Pitch!
Abad Lugo to second
2-1: Ball
3-1: Foul Ball, location: 2F
3-2: Foul Ball, location: 2F
3-2: Foul Ball, location: 2F
3-2: Base on Balls
Batting: LHB Pedro Colón 0-0: Ball
1-0: Swinging Strike
1-1: Ball
2-1: Swinging Strike
2-2: Fly out, F9 (Flyball, 9S)
Batting: RHB Rob McGinnity 0-0: Fly out, F7 (Flyball, 7S)
Batting: LHB Wilson López 0-0: Foul Ball, location: 2F
0-1: Ball
1-1: Fly out, F7 (Flyball, 7LM)
Bottom of the 5th over - 0 runs, 0 hits, 0 errors, 2 left on base; Atlantic City 11 - Long Island 5
TOP OF THE 6TH
Atlantic City Sonics batting - Pitching for Long Island Seawolves : RHP Miguel Ramírez
Batting: LHB José Pacheco 0-0: Ground out 3-1 (Groundball, 3D)
Batting: RHB Jeff Quesenberry 0-0: Ground out 1-3 (Groundball, 15)
Batting: RHB Dam Son 0-0: Ball
1-0: Ball
2-0: Called Strike
2-1: Ball
3-1: Base on Balls
Batting: RHB Malcolm Campbell 0-0: Ball
1-0: Called Strike
1-1: Ball
2-1: Ball
3-1: Swinging Strike
3-2: Strikes out swinging
Top of the 6th over - 0 runs, 0 hits, 0 errors, 1 left on base; Atlantic City 11 - Long Island 5
BOTTOM OF THE 6TH
Long Island Seawolves batting - Pitching for Atlantic City Sonics : RHP Pedro Reynoso
Batting: RHB António Quiñones 0-0: Ball
1-0: Ball
2-0: Ball
3-0: Base on Balls
Batting: RHB Ricardo Pulido 0-0: Foul Ball, location: 2F
0-1: Ball
1-1: Foul Ball, location: 2F
1-2: Ball
2-2: Grounds into double play, 5-4-3 (Groundball, 56)
Batting: LHB Greg Watkins 0-0: Swinging Strike
0-1: Ground out 4-3 (Groundball, 34)
Bottom of the 6th over - 0 runs, 0 hits, 0 errors, 0 left on base; Atlantic City 11 - Long Island 5
TOP OF THE 7TH
Atlantic City Sonics batting - Pitching for Long Island Seawolves : RHP Miguel Ramírez
Batting: LHB Juan Ledezma 0-0: Ball
1-0: Ball
2-0: Called Strike
2-1: Ball
3-1: Foul Ball, location: 2F
3-2: Base on Balls
Batting: RHB José Rodríguez 0-0: Ball
1-0: Swinging Strike
1-1: Called Strike
1-2: DOUBLE (Flyball, 78D)
Juan Ledezma to third
Batting: RHB Eddie Sachs 0-0: Ball
1-0: SINGLE (Flyball, 8RS)
Juan Ledezma scores
José Rodríguez to third
Batting: LHB Kelvin Abbott 0-0: Called Strike
0-1: Fly out, F4 (Popup, 4)
Batting: RHB Alejandro Sánchez 0-0: Called Strike
0-1: Ball
1-1: Ball
2-1: Called Strike
2-2: Ball
3-2: Grounds into double play, 4-6-3 (Groundball, 4)
Top of the 7th over - 1 run, 2 hits, 0 errors, 1 left on base; Atlantic City 12 - Long Island 5
BOTTOM OF THE 7TH
Long Island Seawolves batting - Pitching for Atlantic City Sonics : RHP Pedro Reynoso
Batting: SHB Josh Sanders 0-0: Ball
1-0: Ball
2-0: Called Strike
2-1: Ball
3-1: SINGLE (Flyball, 8RS)
Pitching: RHP Frank Bryant
Batting: RHB Abad Lugo 0-0: Ball
1-0: Foul Ball, location: 2F
1-1: Fielders Choice at 2nd, 6-4 (Groundball, 6)
Batting: LHB Jackson Curry 0-0: Ball
Throwing error on steal attempt, E2
Abad Lugo to third
1-0: Ground out 6-3 (Groundball, 6)
Abad Lugo scores
Batting: LHB Pedro Colón 0-0: Swinging Strike
0-1: Ball
1-1: Swinging Strike
1-2: Foul Ball, location: 2F
1-2: Foul Ball, location: 2F
1-2: Ball
2-2: Ball
3-2: Strikes out swinging
Bottom of the 7th over - 1 run, 1 hit, 1 error, 0 left on base; Atlantic City 12 - Long Island 6
TOP OF THE 8TH
Atlantic City Sonics batting - Pitching for Long Island Seawolves : RHP Miguel Ramírez
Batting: LHB José Pacheco 0-0: Ball
1-0: DOUBLE (Line Drive, 8RXD) - OUT at third base trying to stretch hit.
Batting: RHB Jeff Quesenberry 0-0: Ball
1-0: Swinging Strike
1-1: Foul Ball, location: 2F
1-2: Ground out 4-3 (Groundball, 4)
Batting: RHB Dam Son 0-0: Called Strike
0-1: Ball
1-1: Swinging Strike
1-2: Ball
2-2: Foul Ball, location: 2F
2-2: Fly out, F6 (Line Drive, 6)
Top of the 8th over - 0 runs, 1 hit, 0 errors, 0 left on base; Atlantic City 12 - Long Island 6
BOTTOM OF THE 8TH
Long Island Seawolves batting - Pitching for Atlantic City Sonics : RHP Frank Bryant
Batting: RHB Rob McGinnity 0-0: Called Strike
0-1: Ball
1-1: Ball
2-1: Called Strike
2-2: Ball
3-2: Strikes out swinging
Batting: LHB Wilson López 0-0: Ball
1-0: Foul Ball, location: 2F
1-1: Ball
2-1: Foul Ball, location: 2F
2-2: Strikes out swinging, 2-3 out at first.
Batting: RHB António Quiñones 0-0: Foul Ball, location: 2F
0-1: Ball
1-1: Ball
2-1: Ball
3-1: Base on Balls
Batting: RHB Ricardo Pulido 0-0: Foul Ball, location: 2F
0-1: Ball
1-1: Ground out U3 (Groundball, 34S)
Bottom of the 8th over - 0 runs, 0 hits, 0 errors, 1 left on base; Atlantic City 12 - Long Island 6
TOP OF THE 9TH
Atlantic City Sonics batting - Pitching for Long Island Seawolves : RHP Miguel Ramírez
Pitching: RHP John Kraan
Batting: RHB Malcolm Campbell 0-0: Called Strike
0-1: Called Strike
0-2: Ball
1-2: Foul Ball, location: 2F
1-2: Foul Ball, location: 2F
1-2: Strikes out swinging
Batting: LHB Juan Ledezma 0-0: Called Strike
0-1: Ground out U3 (Groundball, 3S)
Batting: RHB José Rodríguez 0-0: SINGLE (Groundball, 56D)
Batting: RHB Eddie Sachs 0-0: Foul Ball, location: 2F
0-1: Swinging Strike
0-2: Foul Ball, location: 2F
0-2: Strikes out swinging
Top of the 9th over - 0 runs, 1 hit, 0 errors, 1 left on base; Atlantic City 12 - Long Island 6
BOTTOM OF THE 9TH
Long Island Seawolves batting - Pitching for Atlantic City Sonics : RHP Frank Bryant
Batting: LHB Greg Watkins 0-0: Called Strike
0-1: Foul Ball, location: 2F
0-2: Ball
1-2: Strikes out swinging
Batting: SHB Josh Sanders 0-0: Ball
1-0: Called Strike
1-1: Ball
2-1: Ground out 3-1 (Groundball, 34S)
Batting: RHB Abad Lugo 0-0: Ball
1-0: Foul Ball, location: 2F
1-1: Ball
2-1: Foul Ball, location: 2F
2-2: Ground out 5-3 (Groundball, 5L)
Bottom of the 9th over - 0 runs, 0 hits, 0 errors, 0 left on base; Atlantic City 12 - Long Island 6
Sunday, March 18th, 2018 - OOTP Baseball 18.8 Build 76